cohdb
Replays
Latest Replays
All Replays
Popular Replays
Top Player Replays
Match Explorer
How It Works
Community
CoH3 Stats
Reddit
Sign in to upload your games and track your stats! →
Sign in with Steam
Match 22051576
Unlisted
Match 22051576
Overview
Messages
Build Orders
End
Royal Engineer Section
Construct Section Command Post
Selects Indian Artillery Battlegroup
Infantry Section
Infantry Section
Infantry Section
Construct Platoon Command Post
Selects Valour
Selects Gurkha Rifles Section
Gurkha Rifles Section
Unlock M3 Stuart Light Tanks
M3 Stuart Light Tank
Selects Artillery Saturation
Construct Field Infirmary
Infantry Training
Selects Off-map Airburst Barrage
M3 Stuart Light Tank
Unlock Bishop Self-propelled Artillery
M3 Stuart Light Tank
Selects Perimeter Monitor
Vickers Machine Gun Team
M3 Stuart Light Tank
6-pounder Anti-tank Gun Team
Selects Volunteer Infantry
Grenade Package
M3 Stuart Light Tank
Toucan Empire
pagodas
0
0
Comments
sign in to comment!
No comments posted yet!